 Dungeon Crawl Stone Soup version 0.29.1-1-gd02db6906a (webtiles) character file.

Game seed: 8829953258223760563

8393 safid the Marksminotaur (level 11, -3/82 HPs)
             Began as a Minotaur Hunter on Oct 6, 2022.
             Was a High Priest of Okawaru.
             Slain by a yak (10 damage)
             ... on level 10 of the Dungeon.
             The game lasted 00:21:32 (11049 turns).

safid the Marksminotaur (Minotaur Hunter)          Turns: 11049, Time: 00:21:33

Health: -3/82      AC:  7    Str: 15    XL:     11   Next: 9%
Magic:  13/13      EV: 12    Int:  6    God:    Okawaru [*****.]
Gold:   244        SH:  5    Dex: 23    Spells: 8/10 levels left

rFire   . . .      SeeInvis .   y - +0 arbalest
rCold   . . .      Faith    .   (shield currently unavailable)
rNeg    . . .      Spirit   .   K - +1 leather armour of the Original Sin {rElec Will+ Dex+4}
rPois   +          Reflect  +   u - +0 hat
rElec   +          Harm     .   H - +0 cloak
rCorr   .          Rampage  .   B - +0 pair of gloves
Will    +....                   C - +0 pair of boots
Stlth   ++........              G - amulet of reflection
HPRegen 0.23/turn               h - ring of poison resistance
MPRegen 0.13/turn               (no ring)

@: no status effects
A: horns 2, retaliatory headbutt
a: Renounce Religion, Heroism, Finesse, Duel


You were on level 10 of the Dungeon.
You worshipped Okawaru.
Okawaru was extremely pleased with you.
You visited 2 branches of the dungeon, and saw 11 of its levels.

You collected 764 gold pieces.
You spent 520 gold pieces at shops.

Inventory:

Hand Weapons
 y - a +0 arbalest (weapon)
Armour
 f - a +2 leather armour of fire resistance
 u - a +0 hat (worn)
 B - a +0 pair of gloves (worn)
 C - a +0 pair of boots (worn)
 H - a +0 cloak (worn)
 K - the +1 leather armour of the Original Sin (worn) {rElec Will+ Dex+4}
   (You bought it in a shop on level 9 of the Dungeon)

   Dex:       It affects your dexterity (+4).
   rElec:     It insulates you from electricity.
   Will:      It increases your willpower.
Jewellery
 h - a ring of poison resistance (left hand)
 G - an amulet of reflection (around neck)
Wands
 k - a wand of iceblast (3)
 z - a wand of flame (4)
Scrolls
 a - 2 scrolls of identify
 e - 4 scrolls of amnesia {unknown}
 g - 3 scrolls of teleportation
 n - 4 scrolls of enchant armour
 o - 3 scrolls of blinking {unknown}
 q - 2 scrolls of torment {unknown}
 r - 5 scrolls of magic mapping
 v - 2 scrolls of poison {unknown}
 A - 2 scrolls of fear {unknown}
 E - a scroll of enchant weapon {unknown}
 F - a scroll of fog {unknown}
Potions
 c - a potion of berserk rage {unknown}
 d - 2 potions of attraction {unknown}
 i - 2 potions of invisibility
 j - 4 potions of curing
 l - a potion of heal wounds
 m - a potion of mutation {unknown}
 p - a potion of magic {unknown}
 s - a potion of lignification {unknown}
 t - 3 potions of flight
 w - 3 potions of might
 x - 3 potions of haste {unknown}
 D - 3 potions of brilliance {unknown}
 I - a potion of degeneration {unknown}


   Skills:
 - Level 3.0 Fighting
 - Level 18.0 Ranged Weapons
 - Level 2.1 Dodging
 - Level 0.7 Stealth
 + Level 1.0 Translocations
 + Level 4.3 Invocations


You had 8 spell levels left.
You knew the following spells:

 Your Spells              Type           Power      Damage    Failure   Level
a - Blink                 Tloc           2%         N/A       52%         2

Your spell library contained the following spells:

 Spells                   Type           Power      Damage    Failure   Level
 Foxfire                  Conj/Fire      0%         2x1d4     52%         1
 Magic Dart               Conj           0%         1d3       52%         1
 Sandblast                Erth           0%         2d4       52%         1
 Ensorcelled Hibernation  Hex/Ice        0%         N/A       67%         2
 Passwall                 Tmut/Erth      0%         N/A       67%         2
 Lesser Beckoning         Tloc           1%         N/A       77%         3
 Portal Projectile        Hex/Tloc       0%         N/A       83%         3
 Conjure Flame            Conj/Fire      0%         6-21      88%         3
 Ignite Poison            Fire/Tmut/Pois 0%         N/A       88%         3
 Inner Flame              Hex/Fire       0%         N/A       88%         3
 Mephitic Cloud           Conj/Pois/Air  0%         N/A       88%         3
 Spider Form              Tmut/Pois      0%         N/A       88%         3
 Swiftness                Air            0%         N/A       88%         3
 Anguish                  Hex/Necr       0%         N/A       99%         4
 Cause Fear               Hex            0%         N/A       99%         4
 Flame Wave               Conj/Fire      0%         2d4       99%         4
 Blade Hands              Tmut           0%         N/A       100%        5
 Fireball                 Conj/Fire      0%         3d3       100%        5
 Freezing Cloud           Conj/Ice/Air   0%         6-21      100%        5
 Iskenderun's Battlesphe  Conj           0%         2d6       100%        5
 Manifold Assault         Tloc           1%         N/A       100%        5
 Metabolic Englaciation   Hex/Ice        0%         N/A       100%        5
 Conjure Ball Lightning   Conj/Air       0%         3x3d6     100%        6
 Orb of Destruction       Conj           0%         9d5       100%        7
 Storm Form               Tmut/Air       0%         N/A       100%        7
 Maxwell's Capacitive Co  Air            0%         ∞         100%        8
 Tukima's Dance           Hex            Unusable   N/A       N/A         3
 Summon Lightning Spire   Summ/Air       Unusable   N/A       N/A         4
 Summon Mana Viper        Hex/Summ       Unusable   N/A       N/A         5

Dungeon Overview and Level Annotations

Branches:
Dungeon (10/15)            Temple (1/1) D:4            Lair (0/5) D:9
    Orc: D:9-12

Altars:
Elyvilon
Gozag
Kikubaaqudgha
Okawaru
Sif Muna
Trog
Vehumet

Shops:
D:1 =:(:   D:7 :   D:9 **   D:10 [


Innate Abilities, Weirdness & Mutations

You have a pair of horns on your head.
You reflexively headbutt those who attack you in melee.


Message History

The yak gores you! x2
You shoot a bolt.
The bolt hits the yak but does no damage.
The yak is almost dead.
The yak gores you but does no damage. The yak barely misses you.
You furiously retaliate!
You headbutt the yak! You shoot a bolt. The bolt hits the yak.
The yak is almost dead.
The yak gores you. You block the yak's attack.
You shoot a bolt. The bolt hits the yak!
You kill the yak!
Okawaru accepts your kill. The yak gores you. The yak misses you.
You furiously retaliate!
You headbutt the yak! The yak gores you but does no damage.
You shoot a bolt. The bolt hits the yak!
You kill the yak!
Okawaru accepts your kill. You block the yak's attack. The yak misses you.
Your Translocations skill increases to level 1!
You shoot a bolt. The bolt barely misses the yak.
The yak closely misses you.
You shoot a bolt. The bolt closely misses the yak.
The yak gores you! The yak barely misses you. You furiously retaliate!
You headbutt the yak. The yak gores you! The yak closely misses you.
The yak misses you. You furiously retaliate!
You headbutt the yak.
You are too injured to fight recklessly!
You are too injured to fight recklessly!
You are too injured to fight recklessly!
You are too injured to fight recklessly!
Unknown command.
Fire: y) +0 arbalest
Press: ? - help, Q - select action, (/) - cycle Shift-Dir - straight line, f/p - yak
Aim: a yak (moderately wounded, 77% to hit)
You shoot a bolt. The bolt hits the yak!
The yak is severely wounded.
The yak gores you!
* * * LOW HITPOINT WARNING * * *
The yak gores you!
* * * LOW HITPOINT WARNING * * *
The yak gores you!
You die...

#################
#..<.^...........
#................
#................
#................
#.........Y......
#........@Y......
#......###Y.....#
#......# ......#
#......# ......#
#......# ......#
#......# ......#
#......# ......#
########......#
......#
..............#


You could see 3 yaks.

Vanquished Creatures
  A two-headed ogre (D:9)
  A vampire mage (D:9)
  Maurice (D:9)
  A tengu conjurer (D:9)
  A hornet (D:9)
  14 yaks
  A steam dragon (D:8)
  Menkaure (D:4)
  2 wargs (D:9)
  An acid dragon (D:10)
  A water moccasin (D:5)
  A sky beast (D:6)
  4 black bears
  4 orc warriors
  3 centaurs
  A phantom (D:4)
  4 kobold brigands
  A bullfrog (D:7)
  2 necrophages
  A gnoll sergeant (D:7)
  4 scorpions
  9 killer bees
  A vampire bat (D:4)
  4 howler monkeys
  3 jellies
  A hound (D:6)
  A gnoll bouda (D:6)
  9 orc priests
  Jessica (D:2)
  Terence (D:2)
  6 iguanas
  12 orc wizards
  11 gnolls
  9 adders
  2 white imps
  2 worms
  2 dart slugs
  3 fire bats (D:4)
  44 orcs
  2 spectral bats (D:4)
  3 bat skeletons (D:4)
  A bat zombie (D:4)
  8 endoplasms
  4 giant cockroaches
  5 goblins
  3 hobgoblins
  14 jackals
  A quokka (D:3)
  9 ball pythons
  16 bats
  A bat simulacrum (D:4)
  4 frilled lizards
  26 kobolds
  4 rats
272 creatures vanquished.

Vanquished Creatures (others)
  3 plants (D:9)
3 creatures vanquished.

Grand Total: 275 creatures vanquished

Notes
Turn   | Place    | Note
-------+----------+-------------------------------------------
     0 | D:1      | safid the Minotaur Hunter began the quest for the Orb.
     0 | D:1      | Reached XP level 1. HP: 18/18 MP: 0/0
   116 | D:1      | Reached XP level 2. HP: 26/26 MP: 1/1
   118 | D:1      | Reached skill level 5 in Ranged Weapons
   256 | D:1      | Reached XP level 3. HP: 31/31 MP: 2/2
   391 | D:1      | Found Emurosk's Antique Weapon Shoppe.
   465 | D:1      | Found Viunaom's Book Shoppe.
   703 | D:1      | Found Aledety's Jewellery Emporium.
   744 | D:1      | Found Vemomur's Book Boutique.
  1141 | D:2      | Noticed Jessica
  1143 | D:2      | Killed Jessica
  1144 | D:2      | Reached skill level 6 in Ranged Weapons
  1144 | D:2      | Reached XP level 4. HP: 38/38 MP: 3/3
  1184 | D:2      | You fall into a shaft and drop 1 floor!
  1429 | D:2      | Noticed Terence
  1437 | D:2      | Killed Terence
  1503 | D:2      | Found a faded altar of an unknown god.
  1852 | D:3      | Reached XP level 5. HP: 17/45 MP: 4/4
  1858 | D:3      | Reached skill level 7 in Ranged Weapons
  2658 | D:4      | Noticed a black bear
  2669 | D:4      | Killed a black bear
  2670 | D:4      | Reached skill level 8 in Ranged Weapons
  2670 | D:4      | Reached XP level 6. HP: 27/51 MP: 5/5
  2816 | D:4      | Found a staircase to the Ecumenical Temple.
  2825 | Temple   | Entered the Ecumenical Temple
  2846 | Temple   | Became a worshipper of Warmaster Okawaru
  2899 | D:4      | Found a white marble altar of Elyvilon.
  2906 | D:4      | Found a bloodstained altar of Trog.
  3021 | D:4      | Noticed Menkaure
  3027 | D:4      | Killed Menkaure
  3441 | D:4      | Reached skill level 9 in Ranged Weapons
  3462 | D:4      | Reached XP level 7. HP: 46/57 MP: 6/6
  3700 | D:4      | Reached * piety under Okawaru
  3768 | D:5      | Entered Level 5 of the Dungeon
  3795 | D:5      | Reached skill level 10 in Ranged Weapons
  4016 | D:5      | Reached skill level 11 in Ranged Weapons
  4016 | D:5      | Reached XP level 8. HP: 61/63 MP: 7/7
  4128 | D:5      | Found a radiant altar of Vehumet.
  4131 | D:5      | Got Vehumet's Opusculum on Blows and Bruises
  4133 | D:5      | Found an ancient bone altar of Kikubaaqudgha.
  4134 | D:5      | Found a shimmering blue altar of Sif Muna.
  4289 | D:5      | Reached ** piety under Okawaru
  4474 | D:5      | Reached skill level 12 in Ranged Weapons
  5263 | D:6      | Reached skill level 13 in Ranged Weapons
  5553 | D:6      | Reached XP level 9. HP: 69/69 MP: 8/8
  6096 | D:7      | Found Luhatyc's Tremendous Tomes.
  6243 | D:7      | Reached *** piety under Okawaru
  6270 | D:7      | Reached skill level 14 in Ranged Weapons
  7089 | D:8      | Reached skill level 15 in Ranged Weapons
  7102 | D:8      | Reached **** piety under Okawaru
  7562 | D:8      | Reached XP level 10. HP: 72/77 MP: 9/9
  7568 | D:8      | Reached skill level 16 in Ranged Weapons
  8215 | D:8      | Got Ubon's Codex of Beguiling and the Ground
  8620 | D:9      | Found a staircase to the Lair.
  8923 | D:9      | Paralysed by a hornet for 1 turns
  9206 | D:9      | Reached skill level 17 in Ranged Weapons
  9373 | D:9      | Found an opulent altar of Gozag.
  9377 | D:9      | Noticed a two-headed ogre
  9382 | D:9      | Killed a two-headed ogre
  9382 | D:9      | Reached ***** piety under Okawaru
  9527 | D:9      | Noticed Maurice
  9533 | D:9      | Killed Maurice
  9595 | D:9      | Reached skill level 18 in Ranged Weapons
  9595 | D:9      | Reached skill level 1 in Invocations
  9784 | D:9      | Noticed a vampire mage
 10074 | D:9      | Found Xocuo's Specific Store.
 10410 | D:9      | Found Sowning's General Store.
 10568 | D:9      | Bought a scroll of identify for 26 gold pieces
 10568 | D:9      | Bought a scroll of teleportation for 39 gold pieces
 10576 | D:9      | Bought the +1 leather armour of the Original Sin {rElec
                  | Will+ Dex+4} for 455 gold pieces
 10666 | D:9      | Killed a vampire mage
 10667 | D:9      | Reached XP level 11. HP: 67/82 MP: 11/13
 10772 | D:9      | Learned a level 2 spell: Blink
 10816 | D:10     | Entered Level 10 of the Dungeon
 10964 | D:10     | Found Ipsidudano's Antique Armour Shoppe.
 11047 | D:10     | Reached skill level 1 in Translocations
 11049 | D:10     | Slain by a yak

Illustrated notes

Levels and vault maps discovered:
D:1:      lightli_arrival_quake, layout_loops_ring, serial_shops,
          nicolae_shop_trees, shop, shop, shop_statue, minmay_bisected
D:2:      layout_basic, basic_ecumenical_altar, uniq_jessica, uniq_terence
D:3:      layout_rooms, chequers_jeans
D:4:      layout_basic, mainiacjoe_overflow_big_doors,
          minmay_temple_entry_trees, goddamned_bats, uniq_menkaure
D:5:      minmay_clustersquares, layout_basic,
          grunt_temple_overflow_magic_moments
D:6:      cheibrodos_quashed, layout_loops_cross, minmay_liquid_box
D:7:      layout_basic, st_stairs_2, nicolae_shop_i_like_big_books,
          hangedman_decor_lopped
D:8:      layout_cave_pools
D:9:      layout_roguey, nicolae_gozag_seed_capital, erik_lair_orcish_takeover,
          nicolae_specific_store, minmay_librarian, uniq_maurice
D:10:     layout_grid_maze, lemuel_doored_altar,
          kennysheep_orc_monster_closet_entryway, serial_shops, shop_coins
Temple:   regret_index_temple_generic_petals

Skill      XL: |  1  2  3  4  5  6  7  8  9 10 11 |
---------------+----------------------------------+-----
Fighting       | 3 |  3.0
Ranged Weapons | 5 6 8 9 11 13 15 18 | 18.0
Invocations    | 4 |  4.3
Translocations | 1 |  1.0
Dodging        | |  2.1
Stealth        | |  0.7

Action                   |  1- 3 |  4- 6 |  7- 9 | 10-12 || total
-------------------------+-------+-------+-------+-------++-------
 Fire: Shortbow          |    60 |   156 |   186 |       ||   402
       Arbalest          |       |       |   181 |   238 ||   419
Invok: Finesse           |       |       |       |     1 ||     1
  Use: Potion            |       |     1 |     7 |     2 ||    10
       Scroll            |       |       |     9 |     2 ||    11
Armor: Leather armour    |     5 |    18 |    77 |    56 ||   156
Dodge: Dodged            |    21 |    46 |   165 |   111 ||   343
       Repelled          |       |       |     2 |       ||     2
Block: Other             |       |       |       |    13 ||    13
       Reflection        |       |       |       |     1 ||     1
